 Dungeon Crawl Stone Soup version 0.30-a0-374-g95c0257040 (webtiles) character file.

Game seed: 18127678372147114598

625 MTVSty1e the Cleaver (level 7, -4/64 HPs)
             Began as a Minotaur Fighter on Nov 26, 2022.
             Slain by an iguana (11 damage)
             ... on level 4 of the Dungeon.
             The game lasted 00:03:14 (3299 turns).

MTVSty1e the Cleaver (Minotaur Fighter)             Turns: 3299, Time: 00:03:15

Health: -4/64      AC:  0    Str: 22    XL:     7   Next: 23%
Magic:  6/6        EV:  9    Int:  5    God:
Gold:   239        SH:  5    Dex: 16    Spells: 6/6 levels left

rFire   . . .      SeeInvis .    e - +2 broad axe (vorpal)
rCold   . . .      Faith    .    c - +0 buckler
rNeg    . . .      Spirit   .    b - +0 scale mail
rPois   .          Reflect  .    (helmet restricted)
rElec   .          Harm     .    g - +0 cloak
rCorr   .          Rampage  .    (no gloves)
Will    .....                    (no boots)
Stlth   ..........               (no amulet)
HPRegen 0.30/turn                k - +6 ring of dexterity
MPRegen 0.10/turn                (no ring)

@: corroded
A: horns 2, retaliatory headbutt
a: no special abilities


You were on level 4 of the Dungeon.
You visited 1 branch of the dungeon, and saw 5 of its levels.

You collected 239 gold pieces.

Inventory:

Hand Weapons
 a - a +0 war axe
 e - a +2 vorpal broad axe (weapon)
Armour
 b - a +0 scale mail (worn)
 c - a +0 buckler (worn)
 g - a +0 cloak (worn)
Jewellery
 k - a +6 ring of dexterity (left hand)
Wands
 i - a wand of polymorph (3)
Potions
 d - a potion of might
 f - a potion of invisibility
 h - 2 potions of curing


   Skills:
 + Level 6.5 Fighting
 * Level 8.0 Axes
 - Level 3.6 Armour
 - Level 3.6 Shields


You had 6 spell levels left.
You didn't know any spells.
Your spell library contained the following spells:

 Spells                   Type           Power      Damage    Failure   Level
 Ensorcelled Hibernation  Hex/Ice        0%         N/A       95%         2
 Passwall                 Tmut/Erth      0%         N/A       95%         2
 Swiftness                Air            0%         N/A       99%         3
 Petrify                  Tmut/Erth      0%         N/A       100%        4
 Metabolic Englaciation   Hex/Ice        0%         N/A       100%        5
 Statue Form              Tmut/Erth      0%         N/A       100%        6


Dungeon Overview and Level Annotations

Branches:
Dungeon (5/15)
 Temple: D:4-7

Altars:

Annotations:
D:5 Dowan, Duvessa


Innate Abilities, Weirdness & Mutations

You have a pair of horns on your head.
You reflexively headbutt those who attack you in melee.


Message History

Duvessa hits you with a +0 short sword!
You are too injured to fight recklessly!
You are too injured to fight recklessly!
You are too injured to fight recklessly!
You are too injured to fight recklessly!
You are too injured to fight recklessly!
You are too injured to fight recklessly!
You are too injured to fight recklessly!
You are too injured to fight recklessly!
You are too injured to fight recklessly!
You are too injured to fight recklessly!
You are too injured to fight recklessly!
You are too injured to fight recklessly!
You are too injured to fight recklessly!
You are too injured to fight recklessly!
You are too injured to fight recklessly!
You are too injured to fight recklessly!
You are too injured to fight recklessly!
You are too injured to fight recklessly!
You are too injured to fight recklessly!
Unknown command.
Okay, then.
The jelly attacks as you move away! The jelly hits you but does no damage.
Duvessa attacks as you move away! Duvessa hits you with a +0 short sword.
The iguana attacks as you move away! The iguana bites you!
* * * LOW HITPOINT WARNING * * *
The jelly attacks as you move away! The jelly hits you but does no damage.
The iguana attacks as you move away! The iguana bites you!
* * * LOW HITPOINT WARNING * * *
There is a stone staircase leading up here.
You block the iguana's attack. You block the jelly's attack.
Dowan drinks a potion.
Dowan seems to grow stronger.
You climb upwards.
There is a stone staircase leading down here.
You feel better. The iguana barely misses you. The jelly hits you.
* * * LOW HITPOINT WARNING * * *
The acid corrodes you!
You are splashed with acid!
* * * LOW HITPOINT WARNING * * *
You feel better. The iguana bites you!
You die...

#####..# #..........#
#..# #..........# #..#
#.........## ### #..#
#.........# #.## #..#
##........## ##.###..#
###.........# #..##..#
###...##.....##
#..##..####.J.####....##
##..#..##..@l## ##...#
#(....#....## #..##
##........### ####
##.#.......#
##.###......## ##..#
##......## #..##
###.....### ### #.##
###.....## #.### ###
##.....####...##


You could see an iguana and a jelly.

Vanquished Creatures
  Grinder (D:4)
  Sigmund (D:3)
  An ogre (D:5)
  Crazy Yiuf (D:4)
  Terence (D:2)
  4 adders
  2 worms (D:2)
  A dart slug (D:4)
  7 orcs
  5 ball pythons
  2 endoplasms
  8 goblins
  7 hobgoblins
  2 jackals (D:3)
  6 kobolds
  5 quokkas
  6 bats
  5 frilled lizards
  6 rats
71 creatures vanquished.

Notes
Turn   | Place    | Note
-------+----------+-------------------------------------------
     0 | D:1      | MTVSty1e the Minotaur Fighter began the quest for the Orb.
     0 | D:1      | Reached XP level 1. HP: 19/19 MP: 0/0
   249 | D:1      | Reached skill level 3 in Axes
   327 | D:1      | Reached XP level 2. HP: 27/27 MP: 1/1
   988 | D:2      | Reached XP level 3. HP: 27/33 MP: 2/2
  1099 | D:2      | Reached skill level 4 in Axes
  1154 | D:2      | Noticed Terence
  1160 | D:2      | Killed Terence
  1161 | D:2      | Reached XP level 4. HP: 32/41 MP: 3/3
  1794 | D:3      | Reached skill level 5 in Axes
  1887 | D:3      | Noticed Sigmund
  1924 | D:3      | Killed Sigmund
  1925 | D:3      | Reached skill level 5 in Fighting
  1925 | D:3      | Reached skill level 6 in Axes
  1925 | D:3      | Reached XP level 5. HP: 20/48 MP: 4/4
  1925 | D:3      | Reached XP level 6. HP: 23/56 MP: 5/5
  2705 | D:4      | Noticed Grinder
  2706 | D:4      | Paralysed by Grinder for 5 turns
  2724 | D:4      | Killed Grinder
  2725 | D:4      | Reached skill level 7 in Axes
  3041 | D:4      | Found a runed translucent door.
  3042 | D:4      | Noticed Crazy Yiuf
  3049 | D:4      | Killed Crazy Yiuf
  3050 | D:4      | Reached XP level 7. HP: 51/63 MP: 6/6
  3107 | D:4      | Identified a scroll of acquirement
  3107 | D:4      | Acquired a +2 vorpal broad axe
  3276 | D:5      | Entered Level 5 of the Dungeon
  3282 | D:5      | Reached skill level 8 in Axes
  3286 | D:5      | Noticed Duvessa
  3287 | D:5      | Noticed Dowan
  3295 | D:5      | HP: 3/64 [iguana (9)]
  3298 | D:4      | HP: 1/64 [acid (8)]
  3299 | D:4      | Slain by an iguana

Illustrated notes

Levels and vault maps discovered:
D:1:      tarquinn_simple_flora_water_d, layout_basic
D:2:      layout_loops_ring, uniq_terence
D:3:      layout_basic, kennysheep_generic_room_6, uniq_sigmund
D:4:      layout_cave_pods, minmay_misc_feat_tower, uniq_grinder,
          uniq_crazy_yiuf_cottage
D:5:      wander_river, layout_rooms, minmay_temple_entry_glassed_door,
          kennysheep_generic_room_8, uniq_duvessa

Skill      XL: |  1  2  3  4  5  6  7 |
---------------+----------------------+-----
Axes           | 3 4 6 7 8 |  8.0
Fighting       | 4 5 6 |  6.5
Armour         | |  3.6
Shields        | |  3.6

Action                   |  1- 3 |  4- 6 |  7- 9 || total
-------------------------+-------+-------+-------++-------
Melee: War axe           |    56 |   119 |       ||   175
       Headbutt          |     7 |    16 |     2 ||    25
       Broad axe         |       |       |     5 ||     5
  Use: Scroll            |       |     1 |     4 ||     5
       Potion            |       |       |     2 ||     2
Armor: Scale mail        |    29 |    65 |     5 ||    99
Dodge: Dodged            |    24 |    52 |     2 ||    78
Block: Buckler           |     9 |    15 |     2 ||    26

Table legend: (Time is in decaauts)
 A = Elapsed time spent in this place.
 B = Non-inter-level travel time spent in this place.
 C = Inter-level travel time spent in this place.
 D = Time resting spent in this place.
 E = Time spent auto-exploring this place.
 F = Levels seen in this place.
 G = Mean time per level.
                   A        B        C        D        E       F      G
               +--------+--------+--------+--------+--------+-----+--------+
         Total |   3353 |   3235 |    118 |    168 |   2562 |   5 |  670.6 |
       Dungeon |   3353 |   3235 |    118 |    168 |   2562 |   5 |  670.6 |
               +--------+--------+--------+--------+--------+-----+--------+

Top non-repeatable levels by time:
     D:1: 960 daAuts
     D:3: 840 daAuts
     D:4: 833 daAuts
     D:2: 696 daAuts
     D:5: 22 daAuts
